Map: Turbo Cruise '84 LE

Players

PeLLy - Winner!

  • Race: Zerg Zerg
  • League: Diamond
  • Spawn Location: 3:00

niskae

  • Race: Zerg Zerg
  • League: Diamond
  • Spawn Location: 7:00

VOD

Have the link to the VOD?

Description

Time

  • Played on: Aug. 6, 2019, 5:03 p.m.
  • Length: 7:28
Show
View Real Time Build Order
Export as new Build Order

PeLLy Zerg - Winner!

Build Orders: Pool First 

Get SALT Encoding   

  12  0:01  Drone  
  13  0:14  Drone  
  14  0:21  Drone, Extractor  
  15  0:30  Spawning Pool  
  14  0:38  Overlord  
  14  0:53  Drone, Extractor  
  14  0:57  Drone  
  14  0:58  Drone  
  16  1:10  Drone  
  17  1:22  Hatchery  
  16  1:32  Queen  
  16  1:39  Zergling x2  
  19  1:42  Zergling x2  
  19  1:45  Zergling x2  
  21  1:52  Zergling x2  
  22  1:56  Metabolic Boost  
  22  2:07  Overlord  
  22  2:17  Overlord  
  22  2:33  Zergling x2  
  22  2:35  Zergling x4  
  25  2:45  Zergling x8  
  28  2:53  Queen  
  28  2:55  Zergling x4  
  32  3:01  Zergling x2  
  33  3:08  Baneling Nest  
  33  3:12  Zergling x2  
  32  3:13  Zergling x2  
  32  3:19  Zergling x2  
  29  3:24  Zergling x2  
  24  3:53  Zergling x10  
  29  4:03  Baneling  
  29  4:05  Baneling  
  28  4:12  Zergling x4  
  28  4:13  Zergling x8  
  29  4:33  Zergling x6  
  29  4:42  Zergling x4  
  29  4:43  Zergling x2  
  30  4:48  Zergling x2  
  30  4:51  Baneling  
  27  4:55  Baneling  
  26  5:27  Zergling x18  
  29  5:38  Zergling x2  
  29  5:39  Zergling x2  
  29  5:40  Zergling x2  
  31  5:46  Baneling  
  31  5:47  Baneling x3  
  31  5:57  Zergling x4  
  30  6:12  Zergling x2  
  30  6:13  Zergling x6  
  34  6:21  Baneling x3  
  30  6:49  Zergling x14  
  35  7:00  Baneling x3  
  35  7:01  Baneling x2  
  35  7:03  Zergling x2  
  36  7:10  Drone  
Show
View Real Time Build Order
Export as new Build Order

niskae Zerg 

Build Orders: Pool First 

Get SALT Encoding   

  12  0:01  Drone  
  13  0:24  Spawning Pool  
  13  0:26  Drone  
  13  0:32  Drone, Extractor  
  13  0:41  Overlord  
  13  0:50  Drone  
  14  1:00  Drone x2  
  16  1:10  Queen  
  18  1:15  Zergling x2  
  19  1:21  Zergling x2  
  20  1:34  Metabolic Boost  
  20  1:39  Zergling x2  
  21  1:53  Hatchery  
  20  2:00  Hatchery  
  20  2:02  Zergling x2  
  21  2:08  Overlord  
  21  2:17  Zergling x2  
  22  2:26  Queen  
  22  2:27  Zergling x2  
  25  2:31  Zergling x2  
  25  2:33  Zergling x2  
  27  2:45  Zergling x4  
  27  2:50  Zergling x2  
  30  3:01  Overlord  
  22  3:24  Zergling x8  
  22  3:25  Zergling x2  
  20  3:50  Queen  
  20  3:51  Drone x2  
  20  3:52  Drone x4  
  28  3:56  Zergling x2  
  29  4:08  Zergling x6  
  29  4:09  Zergling x4  
  31  4:21  Zergling x4  
  31  4:32  Zergling x2  
  32  4:43  Zergling x8  
  31  4:54  Drone x2  
  33  5:02  Roach Warren  
  32  5:12  Zergling x4  
  32  5:13  Zergling x8  
  35  5:34  Drone x8  
  36  5:44  Overlord x2  
  36  5:55  Overlord x2  
  36  5:56  Extractor  
  34  6:09  Zergling x12  
  34  6:10  Zergling x4  
  41  6:19  Spine Crawler  
  30  6:50  Zergling x2  
  30  6:51  Zergling x12  
Tags
 
Add a new tag
Caveats
  • Supply blocks, unpowered buildings, or Contaminate may cause inaccurate times.
  • Supply counts are checked every 10 seconds.